 Dungeon Crawl Stone Soup version 0.22.1-2-g9c5b331 (webtiles) character file.

82 PaladinM the Slasher (level 4, -6/33 HPs)
             Began as a Human Warper on Jan 1, 2019.
             Mangled by Crazy Yiuf
             ... wielding a +2 quarterstaff of chaos
              (9 damage)
             ... on level 3 of the Dungeon.
             The game lasted 00:08:46 (1728 turns).

PaladinM the Slasher (Human Warper)                 Turns: 1728, Time: 00:08:47

Health: -6/33      AC:  4    Str: 12    XL:     4   Next: 70%
Magic:  6/7        EV:  2    Int: 13    God:
Gold:   105        SH:  0    Dex: 13    Spells: 3/7 levels left

rFire    + . .     SeeInvis .   a - +0 falchion
rCold    + . .     Gourm    .   (no shield)
rNeg     + + +     Faith    .   b - +0 leather armour
rPois    ∞         Spirit   .   (helmet restricted)
rElec    +         Reflect  .   (no cloak)
rCorr    +         Harm     +   g - +0 pair of gloves
MR       .....                  (no boots)
Stlth    +.........             l - amulet of harm
HPRegen  0.11/turn              (no ring)
MPRegen  0.10/turn              (no ring)

@: resistant, petrified, slowed
A: horns 1, screaming 1, MP-powered wands
a: no special abilities


You were on level 3 of the Dungeon.
You were not hungry.

You visited 1 branch of the dungeon, and saw 3 of its levels.

You collected 105 gold pieces.

Inventory:

Hand Weapons
 a - a +0 falchion (weapon)
Missiles
 e - 5 tomahawks of dispersal (quivered)
Armour
 b - a +0 leather armour (worn)
 g - a +0 pair of gloves (worn)
Jewellery
 l - an amulet of harm (around neck)
Scrolls
 c - 5 scrolls of identify {unknown}
 d - a scroll of blinking
 j - a scroll of remove curse {unknown}
 k - a scroll of magic mapping {unknown}
Comestibles
 f - 2 rations


   Skills:
 - Level 2.0 Fighting
 + Level 4.5 Long Blades
 - Level 1.0 Throwing
 - Level 1.0 Armour
 - Level 2.0 Dodging
 - Level 2.0 Spellcasting
 - Level 3.0 Translocations


You had 3 spell levels left.
You knew the following spells:

 Your Spells              Type           Power        Failure   Level  Hunger
a - Shroud of Golubria    Chrm/Tloc      #.........   26%         2    ###....
b - Blink                 Tloc           N/A          14%         2    ###....

Your spell library contained the following spells:

 Spells                   Type           Power        Failure   Level  Hunger
 Gell's Gravitas          Tloc           #.........   28%         3    ####...
 Lesser Beckoning         Tloc           #.........   28%         3    ####...
 Teleport Other           Tloc           #.......     28%         3    ####...
 Passage of Golubria      Tloc           N/A          67%         4    #####..


Dungeon Overview and Level Annotations

Branches:
Dungeon (3/15)

Altars:
Dithmenos

Annotations:
D:2 Sigmund
D:3 Crazy Yiuf


Innate Abilities, Weirdness & Mutations

You have a pair of small horns on your head.
You occasionally shout uncontrollably at your foes.
You expend magic power (3 MP) to strengthen your wands.


Message History

Crazy Yiuf hits you with a quarterstaff of chaos.
Crazy Yiuf draws strength from your wounds!
Your limbs are stiffening.
You closely miss Crazy Yiuf.
Crazy Yiuf is lightly wounded.
Crazy Yiuf hits you with a quarterstaff of chaos.
Crazy Yiuf barely misses you.
You have turned to stone.
Crazy Yiuf hits you but does no damage.
You feel yourself slow down.
Crazy Yiuf hits you with a quarterstaff of chaos!
* * * LOW HITPOINT WARNING * * *
Crazy Yiuf freezes you.
* * * LOW HITPOINT WARNING * * *
Crazy Yiuf hits you with a quarterstaff of chaos.
* * * LOW HITPOINT WARNING * * *
Crazy Yiuf cries, "Paint shoe testudinal!"
Crazy Yiuf hits you with a quarterstaff of chaos.
* * * LOW HITPOINT WARNING * * *
Crazy Yiuf hits you but does no damage.
Crazy Yiuf hits you with a quarterstaff of chaos!
You die...

.......#
#....#.#....######
w......##)....#
#.........#
##.####.<.#
#....####.#
#.w.....## ######
#.# #.....### #.#
....#### #.##
...## ### ####..#
.#.# #)..###
##.....# ##.#
#...g@####......#
#.#
#...##..#......##
#. ### ###.#....##
########


You could see Crazy Yiuf.

Vanquished Creatures
  Jessica (D:2)
  An adder (D:1)
  An ooze (D:1)
  A leopard gecko (D:1)
  An orc (D:3)
  4 giant cockroaches (D:1)
  6 hobgoblins (D:1)
  3 jackals (D:1)
  A bat (D:1)
  5 frilled lizards
  7 goblins (D:1)
  5 kobolds (D:1)
  3 rats (D:1)
39 creatures vanquished.

Notes
Turn   | Place    | Note
-------+----------+-------------------------------------------
     0 | D:1      | PaladinM the Human Warper began the quest for the Orb.
     0 | D:1      | Reached XP level 1. HP: 16/16 MP: 3/3
   332 | D:1      | Reached XP level 2. HP: 20/22 MP: 5/5
   336 | D:1      | Learned a level 2 spell: Shroud of Golubria
   339 | D:1      | Learned a level 2 spell: Blink
   445 | D:1      | Reached skill level 3 in Long Blades
   514 | D:1      | Reached XP level 3. HP: 21/27 MP: 6/6
   977 | D:2      | Noticed Sigmund
   988 | D:2      | Gained mutation: You have a pair of small horns on your
                  | head. [potion of mutation]
   988 | D:2      | Gained mutation: You occasionally shout uncontrollably at
                  | your foes. [potion of mutation]
   988 | D:2      | Gained mutation: You expend magic power (3 MP) to
                  | strengthen your wands. [potion of mutation]
  1003 | D:1      | Reached skill level 4 in Long Blades
  1003 | D:1      | Reached XP level 4. HP: 3/33 MP: 0/7
  1408 | D:2      | Found a shadowy altar of Dithmenos.
  1433 | D:2      | Noticed Jessica
  1445 | D:2      | Killed Jessica
  1710 | D:3      | Found a runed door.
  1714 | D:3      | Noticed Crazy Yiuf
  1728 | D:3      | Mangled by Crazy Yiuf

Skill      XL: |  1  2  3 |
---------------+----------+-----
Long Blades    | 3 4 |  4.5
Fighting       | |  2.0
Throwing       | |  1.0
Armour         | |  1.0
Dodging        | |  2.0
Spellcasting   | |  2.0
Translocations | |  3.0

Action                   |  1- 3 |  4- 6 || total
-------------------------+-------+-------++-------
Melee: Falchion          |   116 |    19 ||   135
       Headbutt          |     1 |     4 ||     5
 Cast: Blink             |     1 |       ||     1
       Shroud of Golubri |       |     3 ||     3
  Use: Potion            |     2 |     1 ||     3
  Eat: Ration            |       |     1 ||     1
       Chunk             |       |     1 ||     1
Armor: Leather armour    |    25 |     5 ||    30
Dodge: Dodged            |    97 |    11 ||   108
       Rpst.: Falchion   |    30 |     1 ||    31
